cohdb
Replays
Latest Replays
All Replays
Popular Replays
Top Player Replays
Match Explorer
How It Works
Community
CoH3 Stats
Reddit
Sign in to upload your games and track your stats! →
Sign in with Steam
Match 45657773
Unlisted
Match 45657773
Overview
Messages
Build Orders
End
Panzerpioneer Squad
Panzerpioneer Squad
Selects Battlefield Espionage Battlegroup
Panzerpioneer Squad
250 Light Carrier
Construct Light Support Kompanie
Combat Half-tracks
2.5-tonne Medical Truck
Selects Intel Disruption Beacon
Panzerjäger Mechanized Group
Construct Mechanized Kompanie
Selects 250/3 Funkpanzerwagen
Tungsten Core Ammunition
Construct Panzerarmee Kommand
Vehicle Survival Package
Selects 250/3 Funkpanzerwagen
Selects Anti-Tank Incendiary Munitions
Panzer III L Medium Tank
Emergency Repair Kits
Panzer III L Medium Tank
250/3 Funkpanzerwagen
JEFG
Seocheon
Foederatus
EON
0
0
Comments
sign in to comment!
No comments posted yet!